 Dungeon Sprint DCSS version 0.23-a0-629-gae4348f (webtiles) character file.

9 Lanoc the Conjurer (level 2, -4/15 HPs)
             Began as a Deep Elf Conjurer on Dec 26, 2018.
             Slain by an ice beast (10 damage)
             ... in the Dungeon (Sprint IX: "|||||||||||||||||||||||||||||").
             The game lasted 00:00:38 (208 turns).

Lanoc the Conjurer (Deep Elf Conjurer)               Turns: 208, Time: 00:00:39

Health: -4/15      AC:  2    Str:  5    XL:     2   Next: 6%
Magic:  1/9        EV: 14    Int: 19    God:
Gold:   0          SH:  0    Dex: 15    Spells: 8/9 levels left

rFire    . . .     SeeInvis .   (no weapon)
rCold    . . .     Gourm    .   (no shield)
rNeg     . . .     Faith    .   a - +0 robe
rPois    .         Spirit   .   (no helmet)
rElec    .         Reflect  .   (no cloak)
rCorr    .         Harm     .   (no gloves)
MR       .....     NoTele   +   (no boots)
Stlth    ++........             (no amulet)
HPRegen  0.05/turn              (no ring)
MPRegen  0.11/turn              (no ring)

@: no status effects
A: no striking features
a: no special abilities


You were in the Dungeon.
You were not hungry.

You visited 1 branch

Inventory:

Armour
 a - a +0 robe (worn)
Scrolls
 i - a scroll of blinking
Potions
 d - a potion of curing
 e - a potion of heal wounds
 f - a potion of haste
 g - 2 potions of magic
 h - a potion of berserk rage
Comestibles
 b - 4 chunks of flesh
 c - a ration


   Skills:
 + Level 3.4 Dodging
 - Level 2.4 Stealth
 + Level 4.0 Spellcasting
 * Level 5.5 Conjurations


You had 8 spell levels left.
You knew the following spells:

 Your Spells              Type           Power        Failure   Level  Hunger
a - Magic Dart            Conj           ###.         1%          1    None

Your spell library contained the following spells:

 Spells                   Type           Power        Failure   Level  Hunger
 Searing Ray              Conj           ###...       2%          2    ##.....
 Dazzling Spray           Conj/Hex       ##....       13%         3    ###....
 Iskenderun's Mystic Bla  Conj           ###.....     14%         4    ####...
 Force Lance              Conj/Tloc      ##......     41%         4    ####...
 Fulminant Prism          Conj/Hex       ##........   41%         4    ####...


Dungeon Overview and Level Annotations

Branches:
Dungeon (1/1)

Altars:


Message History

Your Spellcasting skill increases to level 4!
You have reached level 2!
Casting: Magic Dart (safe; 1% risk of failure)
Confirm with . or Enter, or press ? or * to list all spells.
Aiming: Magic Dart (safe; 1% risk of failure)
Press: ? - help, Shift-Dir - straight line, f - ice beast
Aim: an ice beast The magic dart hits the ice beast.
The ice beast is lightly wounded.
The ice beast closely misses you.
The crimson imp blinks!
Casting: Magic Dart (safe; 1% risk of failure)
Confirm with . or Enter, or press ? or * to list all spells.
Aiming: Magic Dart (safe; 1% risk of failure)
Press: ? - help, Shift-Dir - straight line, f/p - ice beast
Aim: an ice beast (lightly wounded)
The magic dart hits the ice beast.
The ice beast is lightly wounded.
The ice beast hits you. The ice beast freezes you!
Ouch! That really hurt!
You die...

▓.▓
▓.▓
▓.▓
▓'▓
▓)▓
▓.▓
▓.▓
▓.▓
▓@▓
▓Y▓
▓Z▓
▓Y▓
▓.▓
▓5▓
▓.▓
▓+▓


You could see an ice beast, a sky beast, a crimson imp and a giant cockroach
zombie.

Vanquished Creatures
  An ooze (D)
  A bat (D)
  A giant cockroach (D)
  A ball python (D)
  A goblin (D)
  A rat (D)
6 creatures vanquished.

Notes
Turn   | Place    | Note
-------+----------+-------------------------------------------
     0 | D        | Lanoc the Deep Elf Conjurer began the quest for the Orb.
     0 | D        | Reached XP level 1. HP: 10/10 MP: 6/6
    18 | D        | Reached skill level 5 in Conjurations
   200 | D        | Noticed an ice beast
   200 | D        | Noticed a sky beast
   200 | D        | Noticed a crimson imp
   206 | D        | Reached XP level 2. HP: 9/15 MP: 3/9
   208 | D        | Slain by an ice beast

Vault maps used:
D:        linesprint

Skill      XL: |  1 |
---------------+----+-----
Dodging        | 3 |  3.4
Conjurations   | 5 |  5.5
Spellcasting   | 4 |  4.0
Stealth        | |  2.4

Action                   || total
-------------------------++-------
Melee: Unarmed           ||    17
 Cast: Magic Dart        ||    13
 Stab: Sleeping          ||     1
Armor: Robe              ||     6
Dodge: Dodged            ||    19

Table legend:
 A = Non-vault XP
 B = Vault XP
 C = Vault XP percentage of total XP
 D = Non-vault monster count
 E = Vault monster count
 F = Vault count percentage of total count
                 A         B        C        D         E       F
            +---------+---------+-------+---------+---------+-------
      Total |       0 |      14 | 100.0 |       0 |       6 | 100.0
            +---------+---------+-------+---------+---------+-------
          D |       0 |      14 | 100.0 |       0 |       6 | 100.0
            +---------+---------+-------+---------+---------+-------
